Cogmind - Beta 14 @@@ ROGUE MODE // 2024.09.30 @ 21:17:15 Player: Corvi Result: Destroyed by S-10 Pest with Light Assault Rifle Performance ------------- Evolutions (0) 0 Regions Visited (2) 400 Robots Destroyed (27) 135 Value Destroyed (527) 527 Prototype IDs (2) 40 Alien Tech Used (0) 0 Bonus (0) 0 TOTAL SCORE: 1102 Bonus ------- None Cogmind --------- Core Integrity 0/250 Matter 217/300 Energy 113/125 System Corruption 0% Temperature Cool (0) Movement Walking (120) Location -10/Mines Parts ------- > --- POWER (1) -------- Light Ion Engine > --- PROPULSION (2) --- Aluminum Leg > --- UTILITY (2) ------ Weight Redist. System Hacking Suite > --- WEAPON (2) ------- Assault Rifle Grenade Launcher > --- INVENTORY (5) ---- Ion Engine EM Pulse Gun Mini Grenade Launcher Datajack Mining Claw Peak State ------------ > --- POWER ------------ Light Ion Engine > --- PROPULSION ------- Hover Unit > --- UTILITY ---------- Medium Storage Unit Hacking Suite > --- WEAPON ----------- Light Assault Rifle Mini Grenade Launcher > --- INVENTORY -------- Ion Engine Light Ion Engine Large Storage Unit Light Armor Plating EM Pulse Gun Assault Rifle Grenade Launcher Datajack Mace Mining Claw [Rating: 10] Favorites ----------- Power Light Ion Engine Engine Light Ion Engine Propulsion Light Treads Treads Light Treads Leg Aluminum Leg Hover Unit Hover Unit Utility Medium Storage Unit Device Weight Redist. System Storage Medium Storage Unit Hackware Hacking Suite Weapon Light Assault Rifle Energy Gun EM Pulse Gun Ballistic Gun Light Assault Rifle Launcher Mini Grenade Launcher Build | -11 -10 -10 ------- Run | Yrd Mat Min Slots Evolved . | . . . Power . | . . . Propulsion . | . . . Utility . | . . . Weapon . | . . . Parts Attached 28 | 7 19 2 Power 6 | 2 4 . Engine 6 | 2 4 . Core . | . . . Reactor . | . . . Propulsion 7 | 2 4 1 Treads 5 | 2 3 . Leg 1 | . . 1 Wheel . | . . . Hover 1 | . 1 . Flight . | . . . Utility 7 | . 7 . Device 1 | . 1 . Storage 4 | . 4 . Processor . | . . . Hackware 2 | . 2 . Protection . | . . . Artifact . | . . . Weapon 8 | 3 4 1 Energy Gun 2 | 1 1 . Energy Cannon . | . . . Ballistic Gun 4 | 2 2 . Ballistic Cannon . | . . . Launcher 2 | . 1 1 Special Weapon . | . . . Impact Weapon . | . . . Slashing Weapon . | . . . Piercing Weapon . | . . . Special Melee Weapon . | . . . Unidentified Prototypes . | . . . Parts Lost 6 | . 5 1 Power 2 | . 2 . Propulsion 2 | . 1 1 Utility 1 | . 1 . Weapon 1 | . 1 . Highest Loss Streak 2 | . 2 1 To Critical Strikes . | . . . Average Slot Usage (%) 82 | . 82 83 Engine 14 | . 14 14 Treads 13 | . 14 . Hover 1 | . 1 4 Device 1 | . . 14 Storage 12 | . 13 . Hackware 10 | . 10 14 Energy Gun 1 | . . 14 Ballistic Gun 22 | . 22 14 Launcher 4 | . 5 . Peak Build Rating 10 | 5 10 9 Average Rating 7 | 4 8 8 On Entrance 4 | . 5 9 Naked Turns . | . . . Heaviest Build 88 | 9 88 7 Greatest Support 40 | 40 40 16 Greatest Overweight (x) 8 | . 8 . Average Overweight (x) 1 | . 1 . Largest Inventory Capacity 25 | 5 25 5 Average Capacity 9 | 5 10 5 Most Carried 10 | 2 10 5 Average Carried 5 | 1 5 5 Final Capacity 5 | 5 5 5 Final Carried 5 | 2 5 5 Class Distribution -------------------- 95% | Mutant 4% | Scavenger-Mutant Dominant Class ---------------- Mutant | -10/Materials Scavenger-Mutant | -10/Mines Resources | -11 -10 -10 ----------- Run | Yrd Mat Min Matter Collected 699 | 215 391 93 Remotely . | . . . Salvage Created 720 | 25 602 93 Parts 49 | 2 42 5 Haulers Intercepted 1 | . 1 . Recyclers Shooed 3 | . 3 . Parts Field Recycled . | . . . Retrieved Matter . | . . . Parts Self-Destructed . | . . . Prevented . | . . . Kills | -11 -10 -10 ------- Run | Yrd Mat Min Combat Hostiles Destroyed 18 | . 16 2 Guns 14 | . 12 2 AOE 4 | . 4 . Classes Destroyed 7 | 1 6 . Worker 4 | 1 3 . Hauler 1 | . 1 . Recycler 1 | . 1 . Operator 2 | . 2 . Watcher 1 | . 1 . Swarmer 7 | . 7 . Grunt 11 | . 9 2 Best Kill Streak 4 | 1 4 2 Combat Bots Only 3 | . 3 2 Max Kills in Single Turn 3 | 1 3 1 Gunslinging . | . . . Exploded 3 | . 3 . Melee . | . . . Uniques/NPCs Destroyed . | . . . Combat | -11 -10 -10 -------- Run | Yrd Mat Min Hostile Shots Fired 98 | . 83 15 Missed 20 | . 17 3 Damage Taken 849 | . 695 154 Core 259 | . 221 38 Absorbed by Shields . | . . . Core Remaining (%) 100 | 100 . . Volleys Fired 91 | 1 80 10 Largest 2 | 2 2 2 Hottest 60 | 40 40 60 Shots Fired 164 | 2 143 19 Gun 160 | 2 140 18 Cannon . | . . . Launcher 4 | . 3 1 Special . | . . . Kinetic 151 | 2 140 9 Thermal . | . . . Explosive 4 | . 3 1 Electromagnetic 9 | . . 9 Robot Hit Streak 12 | 2 12 6 Robot Miss Streak 5 | . 5 2 Penetration Max . | . . . Secondary Targets 2 | . 2 . Max Gunslinging Chain 1 | . 1 . Shots Hit Robots 111 | 2 98 11 Core Hits 48 | 1 42 5 Critical Kills . | . . . Critical Parts Destroyed . | . . . Critical Strikes . | . . . Melee Attacks . | . . . Impact . | . . . Slashing . | . . . Piercing . | . . . Sneak Attacks . | . . . Combat Hostiles . | . . . Follow-up Attacks . | . . . Damage Inflicted 1551 | 24 1354 173 Guns 1160 | 24 995 141 Cannons . | . . . Explosions 381 | . 349 32 Melee . | . . . Ramming 10 | . 10 . Kinetic 1078 | 24 995 59 Thermal . | . . . Explosive 381 | . 349 32 Electromagnetic 82 | . . 82 Impact . | . . . Slashing . | . . . Piercing . | . . . Highest Corruption . | . . . Average Corruption . | . . . Corruption Purged . | . . . Corruption Blocked . | . . . Overload Shots . | . . . Overflow Damage . | . . . Projectiles . | . . . Explosions . | . . . Melee . | . . . Knockbacks . | . . . Impact . | . . . Kinetic . | . . . Secondary . | . . . Self-Inflicted Damage 38 | . 38 . Shots 1 | . 1 . Rammed 1 | . 1 . Targets Rammed 2 | . 2 . Kicked . | . . . Crushed 1 | . 1 . Highest Temperature 74 | . 12 74 Average Temperature 15 | . 5 33 Received Heat Transfer 351 | . 270 81 Siege Activations . | . . . Robots Corrupted . | . . . Combat Hostiles . | . . . Parts Fried . | . . . Impact Corruptions . | . . . Robots Melted . | . . . Combat Hostiles . | . . . Parts Melted . | . . . Heat Transferred . | . . . Parts Sabotaged . | . . . Parts Stolen . | . . . Parts Stripped . | . . . Power Chain Reactions . | . . . Alert | -11 -10 -10 ------- Run | Yrd Mat Min Peak Influence 170 | 5 170 68 Initial 9 | . 3 9 Average 67 | . 73 58 Maximum Alert Level . | . . . Low Security (%) 100 | 100 100 100 Level 1 . | . . . Level 2 . | . . . Level 3 . | . . . Level 4 . | . . . Level 5 . | . . . High Security . | . . . Max Security . | . . . Squads Dispatched 3 | . 3 . Investigation 1 | . 1 . Extermination . | . . . Reinforcement 2 | . 2 . Assault . | . . . Garrison . | . . . Intercept . | . . . Searches Triggered . | . . . Construction Impeded . | . . . Haulers Reinforced . | . . . Active Scanning Responses . | . . . Cargo Convoy Interrupts . | . . . Stealth | -11 -10 -10 --------- Run | Yrd Mat Min Distress Signals 4 | . 4 . Communications Jammed . | . . . Distress Signals . | . . . Times Spotted 42 | . 37 5 Peak Tracking Total 8 | . 8 3 Tactical Retreats 4 | . 4 . Traps | -11 -10 -10 ------- Run | Yrd Mat Min Traps Triggered 4 | . 4 . Indirectly . | . . . Trap Hack Attempts . | . . . Triggered . | . . . Disarmed . | . . . Reprogrammed . | . . . Reused . | . . . Traps Extracted . | . . . Installed . | . . . Triggered . | . . . Machines | -11 -10 -10 ---------- Run | Yrd Mat Min Machines Disabled 1 | . . 1 Max in Single Turn 1 | . . 1 Machines Repaired . | . . . Machines Dismantled . | . . . Machines Sabotaged . | . . . Overloaded Fab Kills . | . . . Hacking | -11 -10 -10 --------- Run | Yrd Mat Min Machines Accessed 6 | . 5 1 Terminals 4 | . 3 1 Fabricators . | . . . Repair Stations . | . . . Recycling Units 2 | . 2 . Scanalyzers . | . . . Garrison Access . | . . . Total Hacks 16 | . 15 1 Successful 12 | . 11 1 Failed 3 | . 3 . Catastrophic 1 | . 1 . Database Lockouts 1 | . 1 . Manual 4 | . 4 . Terminals 11 | . 10 1 Fabricators . | . . . Repair Stations . | . . . Recycling Units 5 | . 5 . Scanalyzers . | . . . Garrison Access . | . . . Terminal Hacks 7 | . 6 1 Robot Analysis 2 | . 2 . Prototype ID Bank 1 | . 1 . Alert Level 2 | . 2 . Unreport Threat 1 | . 1 . Zone Layout 1 | . . 1 Fabricator Hacks . | . . . Repair Station Hacks . | . . . Recycling Unit Hacks 4 | . 4 . Report Inventory 1 | . 1 . Retrieve Components 3 | . 3 . Scanalyzer . | . . . Garrison Access Hacks . | . . . Unauthorized Hacks 1 | . 1 . Terminals 1 | . 1 . Botnet 1 | . 1 . Fabricators . | . . . Repair Stations . | . . . Recycling Units . | . . . Scanalyzers . | . . . Garrison Access . | . . . Data Cores Recovered . | . . . Used . | . . . Hacking Detections 3 | . 2 1 Full Trace Events 1 | . 1 . Feedback Events . | . . . Feedback Blocked . | . . . Robot Schematics Acquired . | . . . Robots Built . | . . . Authchips . | . . . Time . | . . . Total Robot Build Rating . | . . . Part Schematics Acquired . | . . . Parts Built . | . . . Authchips . | . . . Time . | . . . Total Part Build Rating . | . . . Parts Repaired . | . . . Time . | . . . Parts Recycled . | . . . Recycled Matter . | . . . Retrieved Matter . | . . . Retrieved Components 19 | . 19 . Parts Scanalyzed . | . . . Part Schematics Acquired . | . . . Parts Damaged . | . . . Bothacking | -11 -10 -10 ------------ Run | Yrd Mat Min Used RIF Installer . | . . . Robots Hacked . | . . . Non-combat . | . . . Combat . | . . . Robot Hacks Applied . | . . . Relay Couplers Released . | . . . Fabnet Peak Effective % . | . . . Robots Rewired . | . . . Allies Hacked . | . . . Hacks Repelled . | . . . Allies | -11 -10 -10 -------- Run | Yrd Mat Min Total Allies . | . . . Largest Group . | . . . Highest-Rated Group . | . . . Highest-Rated Ally . | . . . Total Orders . | . . . Ally Attacks . | . . . Total Damage . | . . . Kills . | . . . Allies Corrupted . | . . . Allies Melted . | . . . Intel | -11 -10 -10 ------- Run | Yrd Mat Min Robot Analysis Total 2 | . 2 . Derelict Logs Recovered . | . . . Drone Launches . | . . . Drone Recoveries . | . . . Exploration | -11 -10 -10 ------------- Run | Yrd Mat Min Turns Passed 1546 | 105 1341 100 Spaces Moved 658 | 60 534 64 Core 133 | 4 113 16 Treads 415 | 56 359 . Legs 46 | . . 46 Wheels . | . . . Hover 64 | . 62 2 Flight . | . . . Fastest Speed 50 | 50 60 50 Average Speed 178 | 152 191 100 Slowest Speed 450 | 160 450 120 Overloaded Moves . | . . . Propulsion Burnouts . | . . . Robots Hopped . | . . . Cave-ins Triggered . | . . . Exploration Rate (%) 27 | 4 63 14 Regions Visited 2 Branch Regions 1 Pre-discovered Areas . | . . . Known Exits Taken . | . . . Unknown Exits Taken 2 | 1 1 . Scrap Searched . | . . . Spaces Dug . | . . . Terrain Destroyed 27 | . 27 . Melee . | . . . Projectile . | . . . AOE 27 | . 27 . Terrain Rammed . | . . . Walls Destroyed . | . . . Machines Disabled . | . . . Actions | -11 -10 -10 --------- Run | Yrd Mat Min Total 868 | 68 720 80 Wait 74 | . 70 4 Move 656 | 59 533 64 Hop . | . . . Pick Up 9 | 1 8 . Fast Attach 18 | 5 12 1 Attach 3 | . 3 . Detach 1 | . 1 . Swap 7 | 2 4 1 Drop 7 | . 7 . Fire 91 | 1 80 10 Melee . | . . . Ram . | . . . Kick . | . . . Crush 2 | . 2 . Escape Stasis . | . . . Rewire . | . . . Trap . | . . . Miscellaneous . | . . . Route ------- -11/Scrapyard -10/Materials (discovered 3 exits: [*Mat x2] / *Min) -10/Mines History --------- Turn | Location | Event 18 | -11/Scrapyard | Discovered new exit (range 16) 106 | -11/Scrapyard | Entered Materials 208 | -10/Materials | Discovered new exit (range 14) 304 | -10/Materials | Build established: Mutant 670 | -10/Materials | Discovered new exit (range 7) 703 | -10/Materials | Core integrity fell below 50% 729 | -10/Materials | Central database locked down 915 | -10/Materials | Discovered new exit (range 5) 958 | -10/Materials | Core integrity fell below 20% 1447 | -10/Materials | Entered Mines 1456 | -10/Mines | Met a Derelict bent on vengeance 1547 | -10/Mines | Destroyed by S-10 Pest with Light Assault Rifle Last Messages --------------- Core Extractor disabled. G-34 Mercenary destroyed. Critical hit (Burn: +37). Core Extractor disabled. Hover Unit destroyed. G-47 Trooper destroyed. Acquired 49 matter. Acquired Aluminum Leg. Connecting with Terminal... Current location identified: Mines >>Layout(Zone) Retrieving Zone 1Z layout... Downloaded map data. Connecting with Terminal... R-06 Scavenger collects Particle Gun. Acquired 44 matter. R-06 Scavenger collects Corrupted Lgt. Nuclear Core. R-06 Scavenger collects Corrupted Aluminum Leg. K-01 Serf collects debris. Destroyed Flight Unit. Map ----- +----------------------------------------------------+ | ????## ### ???????????? | | ?????# #### ???????????? | | ?????# #### ### ???????????? | | ?????# #####?## ???????????? | | ?????## #?????# ???????????? | | ??????## #?????# ???????????? | | ???????## #?????##???????????? | | ????###?## ##??????#???????????? | | ?####T#######??????##???????????? | | ?# #?####### ???????????? | | ?# """ """ #?# ???????????? | | ?# """ """ #?# ##### ???????????? | | ?# """ "" ### #???# ???????????? | | ?#! #???# ???????????? | | ?# "" #####???# ???????????? | | ?# """ #???????# ???????????? | | ?# """r #???????# ???????????? | | ?# #???????# ???????????? | | ?##### ####???????# ???????????? | | ?????# #??????????# ???????????? | | ?????# #??????????# ???????????? | | ?????# ########???# ???????????? | | ?????# ##### $ ????????? | | ????## k #?????????? | | ????# #?????????? | | ????# @ ###???????????? | | ????# #????????????? | | ????# #????????????? | | ????# k #???????????? | | ????# #??????????? | | ????# ## ??????????? | | ????#####?# ??????????? | | ???????????# ??????????? | | ???????????? * ???????????? | | ???????????? =%[ ???????????? | | ????????????? ss????????????? | | ????????????? ###s????????????? | | ??????????????###???????????????? | | ????????????????????????????????? | | ????????????????????????????????? | | ????????????????????????????????? | | ????????????????????????????????? | | ????????????????????????????????? | | ????????????????????????????????? | | ????????????????????????????????? | | ????????????????????????????????? | | ????????????????????????????????? | | ????????????????????????????????? | | ????????????????????????????????? | | ????????????????????????????????? | +----------------------------------------------------+ Best States ------------- Heat Dissipation 25 Energy Generation 10 Energy Capacity 250 Matter Stores 300 Matter Capacity 300 Sight Range 16 Terrain Scan Density 10 Additional Mass Support 6 Evasion (%) 55 Recoil Reduction 2 Offensive Hacking 10 Item Schematics ----------------- None Robot Schematics ------------------ None Fabricated ------------ Nothing Alien Tech Used ----------------- None Achievements -------------- None Challenges ------------ None Game ------ Seed TargetingEnhancedBoomstick Manual? 0 Play Time 00:12:06 Cumulative 42.8 hours Start 2024.09.30 @ 20:19:43 End 2024.09.30 @ 21:17:15 Sessions 3 Manual Loads 0 Difficulty Rogue Special Mode None Game No. 49 Rogue 49 Adventurer 0 Explorer 0 Win Type - Total 0 Types 0/0/0/0/0/0/0/0/0 Lore% 27 Gallery% 38 Achievement% 35 Wizard Run 0 Options --------- Layout 0 ASCII 0 Keyboard 0 Movement Arrows Keybinds 0 Fullscreen 1 Font 18/SmallcapsGlow Map View 76x50 Zoom Use 0% Tactical HUD 0 Map Filters NONE Filters NONE Steam 0 RUN: cb13deb2-7094-4a7c-ab1c-3266779340da